 Dungeon Crawl Stone Soup version 0.23.2-32-g37ab1d4649 (webtiles) character file.

Game seed: 4588073017639413385

79 Bergy the Ruffian (level 4, -3/40 HPs)
             Began as a Ghoul Monk on June 26, 2019.
             Slain by an orc
             ... wielding a +0 club
              (4 damage)
             ... on level 2 of the Dungeon.
             The game lasted 00:04:39 (1634 turns).

Bergy the Ruffian (Ghoul Monk)                      Turns: 1634, Time: 00:04:39

Health: -3/40      AC:  2    Str: 15    XL:     4   Next: 38%
Magic:  3/3        EV: 13    Int:  5    God:
Gold:   143        SH:  0    Dex: 11    Spells: 3/3 levels left

rFire    . . .     SeeInvis .     - Unarmed
rCold    + . .     Gourm    .   (no shield)
rNeg     + + +     Faith    .   a - +0 robe
rPois    ∞         Spirit   .   (no helmet)
rElec    .         Reflect  .   (no cloak)
rCorr    .         Harm     .   (no gloves)
MR       .....                  (no boots)
Stlth    ++........             (no amulet)
HPRegen  0.00/turn              (no ring)
MPRegen  0.08/turn              (no ring)

@: rotting
A: rotting body, claws 1, carnivore, cold resistance 1, negative energy
resistance 3, inhibited regeneration, torment resistance, unbreathing
a: no special abilities


You were on level 2 of the Dungeon.
You were very hungry.

You visited 1 branch of the dungeon, and saw 2 of its levels.

You collected 143 gold pieces.

Inventory:

Armour
 a - a +0 robe (worn)
 i - a +2 leather armour of cold resistance
 o - a +0 large shield
Jewellery
 h - a cursed -3 ring of protection {unknown}
 k - an uncursed ring of wizardry
 l - an uncursed amulet of rage {unknown}
Scrolls
 d - 2 scrolls of teleportation {unknown}
 f - a scroll of magic mapping {unknown}
 g - a scroll of immolation {unknown}
 j - a scroll of blinking {unknown}
 n - a scroll of identify {unknown}
Potions
 e - a potion of ambrosia {unknown}
 m - a potion of lignification {unknown}
Comestibles
 b - 3 rations
 c - a chunk of flesh


   Skills:
 * Level 3.9 Fighting
 * Level 3.3 Dodging
 - Level 2.1 Stealth
 * Level 4.5 Unarmed Combat


You had 3 spell levels left.
You didn't know any spells.
Your spell library was empty.

Dungeon Overview and Level Annotations

Branches:
Dungeon (2/15)

Altars:

Annotations:
D:2 Natasha


Innate Abilities, Weirdness & Mutations

Your body is rotting away.
You thrive on raw meat.
You are immune to poison.
You have sharp fingernails.
You are carnivorous and can eat meat at any time.
Your flesh is cold resistant. (rC+)
You are immune to negative energy. (rN+++)
You do not regenerate when monsters are visible.
You are immune to unholy pain and torment.
You can survive without breathing.


Message History

The orc wizard gestures wildly while chanting.
The orc wizard flickers and vanishes!
Deactivating autopickup; reactivate with Ctrl-A.
Things that are here:
a glowing puce potion; a +0 club; a +0 ring mail The orc wizard mumbles some strange words.
The orc wizard seems to speed up.
You see here a stone.
The orc wizard casts a spell at you. The puff of flame hits you!
You claw the orc wizard!
The orc wizard is heavily wounded.
The orc wizard casts a spell at you. The magic dart hits you!
* * * LOW HITPOINT WARNING * * *
The orc wizard points at you and mumbles some strange words.
The puff of frost hits you. You resist.
* * * LOW HITPOINT WARNING * * *
The orc hits you with a +0 club.
You die...

.# #.# ....# ## .#####.#
#.#.# .. .......# #.#.#
#. .####..# #o#.# .
.####..##### #)#.#.# #
...........# #.#)#.#!#
#####..###.# #.(!...# #
#..# #.#########.#.#.##.
#
#..###.)....@o..(.......
#
#....(.÷.....o...##...##
# ###.##############
##.# # #.# . # #.# ##
#.# .# #.# ........#
.########


You could see an orc wizard and an orc.

Vanquished Creatures
  2 adders (D:2)
  An ooze (D:2)
  3 worms (D:2)
  2 dart slugs
  3 giant cockroaches (D:1)
  7 goblins
  8 hobgoblins
  3 bats
  A frilled lizard (D:1)
  8 kobolds
  6 rats
44 creatures vanquished.

Notes
Turn   | Place    | Note
-------+----------+-------------------------------------------
     0 | D:1      | Bergy the Ghoul Monk began the quest for the Orb.
     0 | D:1      | Reached XP level 1. HP: 19/19 MP: 0/0
   139 | D:1      | Reached XP level 2. HP: 22/26 MP: 1/1
   837 | D:2      | Reached XP level 3. HP: 26/33 MP: 2/2
   941 | D:2      | Reached skill level 4 in Unarmed Combat
  1036 | D:2      | Noticed Natasha
  1250 | D:2      | Reached XP level 4. HP: 31/40 MP: 3/3
  1634 | D:2      | HP: 1/40 [orc wizard/puff of frost (4)]
  1634 | D:2      | Slain by an orc

Skill      XL: |  1  2  3 |
---------------+----------+-----
Dodging        | 3 |  3.3
Unarmed Combat | 4 |  4.5
Fighting       | |  3.9
Stealth        | |  2.1

Action                   |  1- 3 |  4- 6 || total
-------------------------+-------+-------++-------
Melee: Unarmed           |    99 |    43 ||   142
       Punch             |     1 |     1 ||     2
  Eat: Chunk             |     1 |       ||     1
Armor: Robe              |    14 |     5 ||    19
Dodge: Dodged            |    57 |    24 ||    81
